 Dungeon Crawl Stone Soup version 0.26-a0-812-g31a745ddcd (webtiles) character file.

Game seed: 3722350169927753696

181 nicanaca0 the Chopper (level 5, -8/46 HPs)
             Began as a Deep Dwarf Fighter on Nov 22, 2020.
             Mangled by an orc warrior
             ... wielding a +0 halberd
              (10 damage)
             ... on level 3 of the Dungeon.
             The game lasted 00:03:11 (1362 turns).

nicanaca0 the Chopper (Deep Dwarf Fighter)          Turns: 1362, Time: 00:03:12

Health: -8/46      AC:  8    Str: 19    XL:     5   Next: 34%
Magic:  13/13 (4)  EV:  7    Int:  9    God:
Gold:   76         SH: 10    Dex: 13    Spells: 4/4 levels left

rFire    . . .     SeeInvis .   a - +0 war axe
rCold    . . .     Faith    .   c - +0 kite shield
rNeg     . . .     Spirit   .   b - +0 scale mail
rPois    .         Reflect  .   (no helmet)
rElec    .         Harm     .   (no cloak)
rCorr    .         Rampage  .   p - +0 pair of gloves
MR       .....                  (no boots)
Stlth    ..........             (no amulet)
HPRegen  0.00/turn              h - ring of magical power
MPRegen  0.13/turn              (no ring)

@: non-regenerating
A: damage resistance, heal wounds, sense surroundings 1, no regeneration
a: Heal Wounds


You were on level 3 of the Dungeon.
You visited 1 branch of the dungeon, and saw 3 of its levels.

You collected 76 gold pieces.

Inventory:

Hand Weapons
 a - a +0 war axe (weapon)
Missiles
 l - 7 curare-tipped darts
 n - 10 poisoned darts (quivered)
Armour
 b - a +0 scale mail (worn)
 c - a +0 kite shield (worn)
 p - a +0 pair of gloves (worn)
Jewellery
 h - a ring of magical power (left hand)
Scrolls
 i - 2 scrolls of remove curse {@r2}
 k - a scroll of identify {@r1}
Potions
 d - a potion of might
 e - a potion of heal wounds {@q2}
 f - 3 potions of flight
 g - 3 potions of curing {@q1}
 j - 2 potions of cancellation


   Skills:
 - Level 2.6 Fighting
 * Level 5.2 Axes
 - Level 3.2 Armour
 + Level 4.6 Shields


You had 4 spell levels left.
You didn't know any spells.
Your spell library was empty.

Dungeon Overview and Level Annotations

Branches:
Dungeon (3/15)

Altars:
Fedhas
Uskayaw


Innate Abilities, Weirdness & Mutations

You are resistant to damage.
You can heal yourself by infusing magical energy.
You passively map a small area around you.
You do not regenerate.


Message History

The orc warrior hits you from afar with a +0 halberd!
You are too injured to fight recklessly!
You are too injured to fight recklessly!
You are too injured to fight recklessly!
You barely miss the orc.
The orc is severely wounded.
The orc closely misses you.
The orc warrior hits you from afar with a +0 halberd!
You closely miss the orc.
The orc is severely wounded.
You block the orc's attack.
The orc warrior hits you from afar with a +0 halberd!
* * * LOW HITPOINT WARNING * * *
You block the orc's attack.
You slash the orc!
You kill the orc!
The orc warrior hits you from afar with a +0 halberd!
* * * LOW HITPOINT WARNING * * *
The orc warrior hits you with a +0 halberd!
You die...

,, ≈ , #.# ***
, #.# #.####*
#.. . , ,
##...# *
,..#.# **#o..#
#@# * * #†#
#.# * #.# ,,
########.#####
*
#............#
#.#####.####.#
## #.# #.# ..,
,* #.#####.#


You could see an orc warrior.

Vanquished Creatures
  8 gnolls (D:2)
  3 adders (D:2)
  3 worms (D:2)
  2 dart slugs
  3 leopard geckos
  2 orcs (D:3)
  3 ball pythons
  5 giant cockroaches
  4 goblins
  9 hobgoblins
  3 jackals (D:2)
  A quokka (D:2)
  3 bats
  4 frilled lizards
  3 kobolds
  6 rats
62 creatures vanquished.

Notes
Turn   | Place    | Note
-------+----------+-------------------------------------------
     0 | D:1      | nicanaca0 the Deep Dwarf Fighter began the quest for the
                  | Orb.
     0 | D:1      | Reached XP level 1. HP: 20/20 MP: 1/1
   131 | D:1      | Reached XP level 2. HP: 22/27 MP: 2/2
   155 | D:1      | Reached skill level 3 in Axes
   672 | D:2      | Reached XP level 3. HP: 30/33 MP: 3/3
   754 | D:2      | Noticed a +0 hand axe
   755 | D:2      | Noticed a +0 hand axe
   769 | D:2      | Reached skill level 4 in Axes
   776 | D:2      | Reached XP level 4. HP: 27/40 MP: 4/4
   806 | D:2      | Found a hide-covered altar of Uskayaw.
   855 | D:2      | Reached XP level 5. HP: 42/46 MP: 5/5
   867 | D:2      | Reached skill level 5 in Axes
  1301 | D:3      | Found a blossoming altar of Fedhas.
  1352 | D:3      | Noticed an orc warrior
  1361 | D:3      | HP: 2/46 [orc warrior/+0 halberd (7)]
  1362 | D:3      | Mangled by an orc warrior

Illustrated notes

Levels and vault maps discovered:
D:1:      dpeg_arrival_central, layout_basic
D:2:      minmay_recursive_quarters, layout_rooms, dancing_weapons_uskayaw,
          minmay_distorted
D:3:      layout_loops_ring, lemuel_crystal_altar, portal_sewer_entry_e,
          chequers_ecumenical_altar_island, uniq_grinder

Skill      XL: |  1  2  3  4  5 |
---------------+----------------+-----
Axes           | 3 4 5 |  5.2
Shields        | 4 |  4.6
Fighting       | |  2.6
Armour         | |  3.2

Action                   |  1- 3 |  4- 6 || total
-------------------------+-------+-------++-------
Melee: War axe           |   103 |    74 ||   177
Throw: Dart              |     6 |       ||     6
 Abil: Heal Wounds       |     1 |     2 ||     3
  Use: Scroll            |       |     9 ||     9
Armor: Scale mail        |    52 |    33 ||    85
Dodge: Dodged            |    30 |    24 ||    54
Block: Kite shield       |    54 |    38 ||    92

Table legend: (Time is in decaauts)
 A = Elapsed time spent in this place.
 B = Non-inter-level travel time spent in this place.
 C = Inter-level travel time spent in this place.
 D = Time resting spent in this place.
 E = Time spent auto-exploring this place.
 F = Levels seen in this place.
 G = Mean time per level.
                   A        B        C        D        E       F      G
               +--------+--------+--------+--------+--------+-----+--------+
         Total |   1432 |   1386 |     46 |      0 |    946 |   3 |  477.3 |
       Dungeon |   1432 |   1386 |     46 |      0 |    946 |   3 |  477.3 |
               +--------+--------+--------+--------+--------+-----+--------+

Top non-repeatable levels by time:
     D:1: 682 daAuts
     D:2: 572 daAuts
     D:3: 176 daAuts
